 Dungeon Crawl Stone Soup version 0.28.0-53-g5a82cb258f (webtiles) character file.

Game seed: 13031319979328727987

8652 Lennethare the Destroyer (level 11, -6/61 HPs)
             Began as a Tengu Air Elementalist on Aug 15, 2022.
             Was a Believer of Vehumet.
             Mangled by a two-headed ogre
             ... wielding a +0 giant spiked club
              (11 damage)
             ... on level 7 of the Dungeon on Sept 21, 2022.
             The game lasted 00:42:04 (15212 turns).

Lennethare the Destroyer (Tengu Air Elementalist)  Turns: 15212, Time: 00:42:04

Health: -6/61      AC: 10    Str: 13    XL:     11   Next: 34%
Magic:  22/22      EV: 17    Int: 16    God:    Vehumet [**....]
Gold:   169        SH:  0    Dex: 14    Spells: 4/23 levels left

rFire   + . .      SeeInvis .   c - +11 dagger "Ygis Maeco" {freeze, rN++}
rCold   . . .      Faith    .   (no shield)
rNeg    + + .      Spirit   .   D - +2 robe {rC+}
rPois   .          Reflect  .   (helmet restricted)
rElec   +          Harm     .   A - +2 cloak
rCorr   .          Rampage  .   p - +2 pair of gloves
Will    .....                   (boots unavailable)
Stlth   +++.......              g - amulet of magic regeneration
HPRegen 0.20/turn               y - ring "Xer Reoh" {Fire rElec}
MPRegen 0.58/turn               (no ring)

@: flying quickly and evasively, quick
A: beak, talons 3, nimble flight
a: Renounce Religion


You were on level 7 of the Dungeon.
You worshipped Vehumet.
Vehumet was pleased with you.
You visited 2 branches of the dungeon, and saw 10 of its levels.

You collected 571 gold pieces.
You spent 402 gold pieces at shops.

Inventory:

Hand Weapons
 c - the +11 dagger "Ygis Maeco" (weapon) {freeze, rN++}
   (You found it on level 4 of the Dungeon)

   It freezes those it strikes, dealing additional cold damage.
   It can also slow down cold-blooded creatures.
   rN:        It greatly protects you from negative energy.
 t - a +2 vampiric hand axe
 x - a +1 mace of holy wrath
 G - the +1 morningstar "Tuijecaps" {vamp, *Noise Str+5 Int+4}
   (You found it on level 7 of the Dungeon)

   It occasionally heals its wielder for a portion of the damage dealt when it
   wounds a living foe.
   Str:       It affects your strength (+5).
   Int:       It affects your intelligence (+4).
   *Noise:    It may make noises in combat.
Missiles
 i - 2 throwing nets
Armour
 b - +0 acid dragon scales
 h - a +2 leather armour of positive energy
 n - a +0 kite shield
 p - a +2 pair of gloves (worn)
 s - the +1 robe "Nohoezy" {Contam rC+++ Will+++ Dex-4}
   (You found it on level 4 of the Dungeon)

   Dex:       It affects your dexterity (-4).
   rC:        It renders you almost immune to cold.
   Contam:    It causes magical contamination when unequipped.
   Will:      It greatly increases your willpower.
 A - a +2 cloak (worn)
 D - a +2 robe of cold resistance (worn)
Jewellery
 g - an amulet of magic regeneration (around neck)
 y - the ring "Xer Reoh" (left hand) {Fire rElec}
   (You found it on level 5 of the Dungeon)

   [ring of fire]

   It enhances your fire magic.
   rF:        It protects you from fire.
   rC:        It makes you vulnerable to cold.
   rElec:     It insulates you from electricity.
 z - an amulet of guardian spirit
Wands
 k - a wand of polymorph (16)
 o - a wand of acid (7)
 w - a wand of flame (13)
 B - a wand of iceblast (9)
Scrolls
 j - a scroll of amnesia
 u - a scroll of noise
 v - a scroll of immolation
 F - a scroll of summoning
 H - 2 scrolls of teleportation
Potions
 a - a potion of attraction
 e - 2 potions of degeneration
 f - 9 potions of curing
 l - 4 potions of flight
 m - a potion of mutation
 r - a potion of ambrosia
 C - 2 potions of lignification
 I - 2 potions of magic
 J - a potion of might
 K - a potion of heal wounds
 L - a potion of haste
 M - a potion of resistance


   Skills:
 + Level 4.2 Fighting
 + Level 5.6 Short Blades
 + Level 4.7 Armour
 + Level 5.4 Dodging
 + Level 5.3 Stealth
 + Level 6.7 Spellcasting
 + Level 10.1 Conjurations
 + Level 3.9 Summonings
 + Level 10.0 Air Magic
 + Level 4.3 Evocations


You had 4 spell levels left.
You knew the following spells:

 Your Spells              Type           Power      Damage    Failure   Level
a - Shock                 Conj/Air       100%       1d9       1%          1
b - Static Discharge      Conj/Air       37%        N/A       1%          2
c - Airstrike             Air            18%        N/A       1%          4
d - Swiftness             Air            37%        N/A       1%          3
e - Lightning Bolt        Conj/Air       18%        1d33      5%          5
f - Summon Lightning Spi  Summ/Air       27%        N/A       7%          4

Your spell library contained the following spells:

 Spells                   Type           Power      Damage    Failure   Level
 Poisonous Vapours        Pois/Air       42%        N/A       2%          2
 Dazzling Flash           Conj/Hex       42%        N/A       4%          3
 Slow                     Hex            20%        N/A       13%         1
 Iskenderun's Mystic Bla  Conj/Tloc      21%        2d6       16%         4
 Confusing Touch          Hex            5%         N/A       36%         3
 Vampiric Draining        Necr           5%         2d6       36%         3
 Starburst                Conj/Fire      16%        6d6       94%         6


Dungeon Overview and Level Annotations

Branches:
Dungeon (9/15)             Temple (1/1) D:7            Lair (0/6) D:9
    Orc (0/2) D:9

Altars:
Elyvilon
Gozag
Trog
Vehumet
Wu Jian

Shops:
D:9 ?!=!

Annotations:
D:7 mortz's ghost, novice DrCj
D:8 1 transporter, turdburglar's ghost, novice TrFi
D:9 3 runed translucent doors, Gurantaxtaxq's ghost, novice GrEE


Innate Abilities, Weirdness & Mutations

You have a beak for a mouth.
You have claws for feet.
Your magical nature lets you fly swiftly and evasively.


Message History

You can't go down here!
The moth of wrath's fur bristles in rage as it notices you.
There is a transporter here.
You enter the transporter and appear at another place.
You flicker for a moment.
The gnoll sergeant shouts!
You hear two shouts!
You hear a shout!
The ogre shouts!
The moth of wrath's fur bristles in rage as it notices you.
You see here a book of Debilitation.
You pick up a book of Debilitation and begin reading...
You add the spells Slow, Vampiric Draining and Confusing Touch to your library.
You flicker back into view.
The moth of wrath goads the gnoll sergeant on!
The gnoll sergeant goes berserk!
The moth of wrath goads the gnoll sergeant on!
The gnoll sergeant goes berserk!
You see here a book of Spectacle.
You pick up a book of Spectacle and begin reading...
You add the spells Dazzling Flash, Iskenderun's Mystic Blast and Starburst to your library.
The moth of wrath goads the ogre on!
The ogre goes berserk!
The gnoll sergeant closely misses you. x2
The gnoll sergeant hits you from afar with a +0 spear!
You puncture the two-headed ogre! You freeze the two-headed ogre.
Your kick misses the two-headed ogre. Your peck misses the two-headed ogre.
The two-headed ogre is moderately wounded.
The gnoll sergeant hits you from afar with a +0 trident!
The gnoll sergeant hits you from afar with a +0 spear!
The two-headed ogre completely misses you.
The two-headed ogre hits you with a +0 dire flail!
* * * LOW HITPOINT WARNING * * *
The gnoll sergeant misses you.
The moth of wrath goads the two-headed ogre on!
The two-headed ogre goes berserk!
The two-headed ogre rages.
There is a transporter here.
You enter the transporter and appear at another place.
The two-headed ogre hits you with a +0 giant spiked club!
* * * LOW HITPOINT WARNING * * *
The two-headed ogre hits you with a +0 dire flail!
You die...

###...............[)# ###[..
##..................)# #.##
#....#####.......))..# ###'##
##..###...###....)....# #.....
#..##*.#....##......[.# ###.###.
#..#####.W#.##........# #.+.'>#.
##.##.#≈#.###.##.......# #.#.###.
#..#...#W..≈##.#.O.....# #.#.....
..©#©..Ogg.##.©#@......###.###+##
...#...#g......#.......#.......#.
.#.##.##≈#....##..[....#..##..##.
.#..#.####....#........#..##..##.
.#..###......##........#...#)....
.##..###g..###.........#...+.<...
.##....#####...........#..##..##.
.###...................#..##..##.
.#####.................#..##..##.


You could see a two-headed ogre (berserk).

Vanquished Creatures
  Erolcha (D:9)
  Harold (D:8)
  A cyclops (D:9)
  Joseph (D:8)
  Maggie (D:7)
  A troll (D:5)
  3 hornets
  A wraith (D:9)
  A wyvern (D:7)
  7 yaks
  Eustachio (D:5)
  An acid dragon (D:9)
  4 water moccasins
  Duvessa (D:5)
  3 orc warriors (D:9)
  2 hornet zombies
  An ice beast (D:7)
  2 sky beasts
  2 black bears
  2 necrophages (D:8)
  An ogre (D:6)
  2 centaurs (D:8)
  Blork the orc (D:6)
  A water moccasin skeleton (D:5)
  Dowan (D:5)
  6 killer bees (D:9)
  A howler monkey (D:9)
  9 wights
  4 electric eels (D:8)
  2 centaur zombies
  A jelly (D:8)
  5 gnoll shamans
  An orc priest (D:9)
  2 centaur skeletons
  An iguana (D:6)
  Natasha (thrice) (D:4)
  13 orc wizards
  2 killer bee zombies (D:8)
  2 hound skeletons
  A howler monkey zombie (D:8)
  Robin (D:2)
  23 gnolls
  A howler monkey skeleton (D:6)
  4 adders
  3 shadow imps (D:6)
  A white imp (D:7)
  2 ufetubi
  An adder skeleton (D:4)
  5 dart slugs
  30 orcs
  3 bats
  3 endoplasms
  3 giant cockroaches
  14 goblins
  8 hobgoblins
  2 jackals (D:4)
  3 quokkas
  10 ball pythons
  2 frilled lizards (D:1)
  7 kobolds
  6 rats
228 creatures vanquished.

Vanquished Creatures (collateral kills)
  3 orcs (D:9)
3 creatures vanquished.

Vanquished Creatures (others)
  52 fungi
  51 plants
103 creatures vanquished.

Grand Total: 334 creatures vanquished

Notes
Turn   | Place    | Note
-------+----------+-------------------------------------------
     0 | D:1      | Lennethare the Tengu Air Elementalist began the quest for
                  | the Orb.
     0 | D:1      | Reached XP level 1. HP: 10/10 MP: 4/4
   209 | D:1      | Reached XP level 2. HP: 15/15 MP: 4/6
   353 | D:1      | Learned a level 2 spell: Static Discharge
   958 | D:2      | Reached XP level 3. HP: 16/19 MP: 0/7
  1212 | D:2      | Noticed Robin
  1228 | D:2      | Killed Robin
  1277 | D:1      | Reached XP level 4. HP: 16/24 MP: 2/8
  1370 | D:1      | Learned a level 4 spell: Airstrike
  1488 | D:2      | Found a white marble altar of Elyvilon.
  3381 | D:3      | Gained mutation: Your magical nature lets you fly swiftly
                  | and evasively. [Tengu growth]
  3381 | D:3      | Reached XP level 5. HP: 22/28 MP: 3/9
  3545 | D:3      | Found a faded altar of an unknown god.
  3953 | D:3      | Reached skill level 5 in Conjurations
  3956 | D:3      | Reached skill level 5 in Air Magic
  4369 | D:4      | Reached XP level 6. HP: 20/32 MP: 0/11
  4892 | D:4      | Noticed a black bear
  4899 | D:4      | Killed a black bear
  5435 | D:4      | Noticed Natasha
  5438 | D:4      | Killed Natasha
  5439 | D:4      | Reached XP level 7. HP: 36/36 MP: 7/13
  5458 | D:4      | Learned a level 3 spell: Swiftness
  5560 | D:5      | Entered Level 5 of the Dungeon
  5560 | D:5      | Noticed Eustachio
  5565 | D:4      | Noticed Natasha
  5569 | D:4      | Killed Natasha
  5597 | D:4      | Identified the +11 dagger "Ygis Maeco" {freeze, rN++}
  5623 | D:4      | Identified the +1 robe "Nohoezy" {Contam rC+++ Will+++
                  | Dex-4}
  5914 | D:4      | Noticed Natasha
  5920 | D:4      | Killed Natasha
  6063 | D:5      | Noticed Duvessa
  6069 | D:5      | Noticed Dowan
  6072 | D:5      | Killed Duvessa
  6073 | D:5      | Reached skill level 1 in Short Blades
  6097 | D:5      | Killed Dowan
  6382 | D:5      | Killed Eustachio
  6635 | D:5      | Reached XP level 8. HP: 41/41 MP: 12/15
  6949 | D:5      | Noticed a troll
  6961 | D:5      | Killed a troll
  7250 | D:5      | Identified the ring "Xer Reoh" {Fire rElec}
  7452 | D:5      | Found an opulent altar of Gozag.
  7452 | D:5      | Found an ornate altar of the Wu Jian Council.
  7568 | D:6      | Reached skill level 5 in Spellcasting
  7606 | D:6      | Learned a level 5 spell: Lightning Bolt
  7950 | D:6      | Noticed Blork the orc
  7970 | D:6      | Killed Blork the orc
  8356 | D:7      | Noticed a wyvern
  8359 | D:7      | Killed a wyvern
  8360 | D:7      | Reached XP level 9. HP: 29/46 MP: 13/18
  8480 | D:7      | Reached skill level 1 in Armour
  8480 | D:7      | Reached skill level 1 in Evocations
  8578 | D:7      | Reached skill level 1 in Fighting
  8747 | D:7      | Noticed a hornet
  8748 | D:7      | Noticed Maggie
  8755 | D:7      | Killed a hornet
  8880 | D:7      | Killed Maggie
  9127 | D:7      | Found a staircase to the Ecumenical Temple.
  9142 | Temple   | Entered the Ecumenical Temple
  9177 | Temple   | Became a worshipper of Vehumet
  9204 | D:7      | Noticed a hornet
  9209 | D:7      | Killed a hornet
  9264 | D:7      | Noticed a moth of wrath
  9269 | D:7      | Identified the +1 morningstar "Tuijecaps" {vamp, *Noise
                  | Str+5 Int+4}
  9318 | D:7      | Noticed mortz's ghost (novice DrCj)
  9319 | D:7      | Noticed a two-headed ogre
  9426 | D:7      | Found a bloodstained altar of Trog.
  9430 | D:7      | Found a transporter.
  9433 | D:7      | Found a transporter.
  9857 | D:7      | Learned a level 4 spell: Summon Lightning Spire
  9953 | D:8      | Noticed Joseph
 10047 | D:9      | Noticed a cyclops
 10337 | D:8      | Noticed Harold
 10411 | D:8      | Reached XP level 10. HP: 51/54 MP: 18/20
 10417 | D:8      | Reached skill level 1 in Summonings
 10807 | D:8      | Identified the +6 great mace "Tengu's Peril" {flame, Int+2
                  | SInv}
 10807 | D:8      | Identified the +6 dire flail of Jitic {vorpal, Int+2 Dex+3}
 10807 | D:8      | Noticed a two-headed ogre
 10807 | D:8      | Noticed turdburglar's ghost (novice TrFi)
 10816 | D:8      | Found a transporter.
 12158 | D:8      | Reached * piety under Vehumet
 12158 | D:8      | Offered knowledge of Sandblast by Vehumet.
 12255 | D:8      | Killed Harold
 12524 | D:8      | Killed Joseph
 12776 | D:9      | Found Zominide's Distillery.
 12800 | D:9      | Found Kevyxaor's Distillery.
 12812 | D:9      | Bought a potion of mutation for 128 gold pieces
 12812 | D:9      | Bought a potion of heal wounds for 80 gold pieces
 12812 | D:9      | Bought a potion of invisibility for 128 gold pieces
 12877 | D:9      | Killed a cyclops
 12878 | D:9      | Reached skill level 5 in Short Blades
 13128 | D:9      | Offered knowledge of Poisonous Vapours by Vehumet.
 13130 | D:9      | Reached ** piety under Vehumet
 13134 | D:9      | Reached XP level 11. HP: 16/60 MP: 12/21
 13141 | D:9      | Reached skill level 5 in Dodging
 13684 | D:9      | Found a staircase to the Orcish Mines.
 13772 | D:9      | Reached skill level 5 in Stealth
 13932 | D:9      | Found Mifan's Jewellery Shop.
 14129 | D:9      | Found a staircase to the Lair.
 14153 | D:9      | Reached skill level 10 in Conjurations
 14263 | D:9      | Found a runed translucent gate.
 14263 | D:9      | Found a runed translucent gate.
 14263 | D:9      | Found a runed translucent gate.
 14265 | D:9      | Noticed Gurantaxtaxq's ghost (novice GrEE)
 14487 | D:9      | Found Oguri's Magic Scroll Emporium.
 14492 | D:9      | Bought a scroll of identify for 22 gold pieces
 14492 | D:9      | Bought a scroll of identify for 22 gold pieces
 14492 | D:9      | Bought a scroll of identify for 22 gold pieces
 14653 | D:9      | Noticed Erolcha
 14661 | D:9      | Killed Erolcha
 14662 | D:9      | Reached skill level 10 in Air Magic
 15212 | D:7      | Mangled by a two-headed ogre

Illustrated notes

Levels and vault maps discovered:
D:1:      dpeg_arrival_arbitrary_c, layout_basic
D:2:      layout_basic, basic_altar, minivault_14, uniq_robin
D:3:      layout_loops_corners, shapermc_ecumenical_altar_acropolis
D:4:      layout_basic, uniq_natasha
D:5:      layout_loops_corners, gammafunk_temple_overflow_elements,
          uniq_eustachio, uniq_duvessa
D:6:      layout_basic, uniq_blork_the_orc
D:7:      minmay_flawed_box, layout_gridville, minmay_temple_entry_glassed_door,
          gammafunk_ghost_wrathful_warriors, minmay_curled_crystal, minivault_1,
          uniq_maggie
D:8:      layout_loops_corners, serial_undead, serial_undead_c, serial_undead_a,
          serial_undead_d, serial_undead_f, gammafunk_ghost_smash,
          water_boxes_lemuel, uniq_joseph, uniq_harold
D:9:      layout_rooms, due_lair_maze_entry_diamond, hiddenorc1_lemuel,
          ebering_ghost_rock_garden, serial_corexii_hall,
          chequers_hall_statues_y, corexii_hall_statues_i, serial_shops,
          nicolae_shop_statue_plus, nicolae_take_the_stairs, shop_fountains,
          nicolae_shop_hallway_plus, roderic_malta_cross,
          minmay_misc_feat_diagonals, nicolae_zen_rock_garden, minivault_5,
          uniq_erolcha
Temple:   mainiacjoe_temple_big_plus

Skill      XL: |  1  2  3  4  5  6  7  8  9 10 11 |
---------------+----------------------------------+-----
Conjurations   | 3 4 5 6 7 8 9 10 | 10.1
Air Magic      | 5 6 7 8 9 10 | 10.0
Spellcasting   | 3 4 5 6 |  6.7
Short Blades   | 2 4 5 |  5.6
Armour         | 3 4 |  4.7
Evocations     | 2 3 4 |  4.3
Fighting       | 2 3 4 |  4.2
Dodging        | 3 4 5 |  5.4
Stealth        | 3 4 5 |  5.3
Summonings     | 3 |  3.9

Action                   |  1- 3 |  4- 6 |  7- 9 | 10-12 || total
-------------------------+-------+-------+-------+-------++-------
Melee: Unarmed           |     3 |     1 |       |       ||     4
       Peck              |     1 |     1 |    11 |    41 ||    54
       Flail             |       |    13 |       |       ||    13
       Kick              |       |     1 |    25 |    62 ||    88
       Punch             |       |     1 |       |     3 ||     4
       Dagger            |       |       |    96 |   193 ||   289
 Cast: Shock             |    54 |   125 |    30 |    16 ||   225
       Static Discharge  |     6 |    11 |    11 |    15 ||    43
       Airstrike         |       |     1 |    43 |     9 ||    53
       Lightning Bolt    |       |       |     3 |    13 ||    16
       Summon Lightning  |       |       |       |     2 ||     2
Evoke: Wand              |       |       |       |     1 ||     1
  Use: Potion            |       |     2 |     2 |     5 ||     9
       Scroll            |       |       |     9 |     9 ||    18
 Stab: Sleeping          |     1 |     1 |     2 |     2 ||     6
       Distracted        |       |       |       |     2 ||     2
       Invisible         |       |       |       |     2 ||     2
Armor: Robe              |     2 |     8 |    27 |    35 ||    72
       Skin              |       |       |     2 |       ||     2
Dodge: Dodged            |    15 |    58 |    73 |   113 ||   259
